 Dungeon Crawl Stone Soup version 0.30-b1-2-g02819fbbbe (webtiles) character file.

Game seed: 8498730265964280002

59046 prikolics the Spear-Bearer (level 14, -11/127 HPs)
             Began as a Naga Warper on Aug 16, 2023.
             Was the Champion of Cheibriados.
             Shot with an arrow by a centaur warrior (25 damage)
             ... on level 15 of the Dungeon on Aug 21, 2023.
             The game lasted 04:28:35 (27713 turns).

prikolics the Spear-Bearer (Naga Warper)           Turns: 27713, Time: 04:28:36

Health: -11/127    AC: 15    Str: 27    XL:     14   Next: 93%
Magic:  25/27      EV: 13    Int: 32    God:    Cheibriados [******]
Gold:   893        SH:  0    Dex: 38    Spells: 16/32 levels left

rFire   . . .        U - +4 halberd (freeze)
rCold   + + +        (shield currently unavailable)
rNeg    . . .        f - +2 ice dragon scales
rPois   +            p - +2 hat {Will+}
rElec   .            j - +0 cloak
rCorr   .            s - +0 pair of gloves
SInv    +            (no barding)
Will    +++..        T - amulet of regeneration
Stlth   +++          l - ring of Qunyfi {rPois Will+ Dex+3 Slay+3}
HPRegen 1.21/turn    W - ring of the Wary Emperors {Wiz rF+ rC+ Dex+4}
MPRegen 0.20/turn

%: wizardry (x1)
@: about to teleport, very slow
A: AC +4, large, see invisible, deformed body, poison resistance, slowness 2,
spit poison 1, naga tail 2, agile 1
a: Spit Poison, Renounce Religion, Bend Time, Temporal Distortion, Slouch, Step
From Time


You were on level 15 of the Dungeon.
You worshipped Cheibriados.
Cheibriados was exalted by your worship.
You visited 4 branches of the dungeon, and saw 22 of its levels.

You collected 1624 gold pieces.
You spent 731 gold pieces at shops.

Inventory:

Hand Weapons
 g - a +3 spear of venom
 U - a +4 halberd of freezing (weapon)
 V - a +2 vampiric spear
Missiles
 c - a boomerang
 d - 7 boomerangs of dispersal
 e - 3 throwing nets
 G - 9 curare-tipped darts
 Q - 27 poisoned darts (quivered)
Armour
 f - +2 ice dragon scales (worn)
 j - a +0 cloak (worn)
 p - a +2 hat of willpower (worn)
 s - a +0 pair of gloves (worn)
 x - a +2 chain mail of fire resistance
Jewellery
 a - a ring of magical power
 k - a ring of resist corrosion
 l - the ring of Qunyfi (left hand) {rPois Will+ Dex+3 Slay+3}
   (You found it on level 11 of the Dungeon)

   [ring of poison resistance]

   Dex:       It affects your dexterity (+3).
   Slay:      It affects your accuracy & damage with ranged weapons and melee
   (+3).
   rPois:     It protects you from poison.
   Will:      It increases your willpower.
 v - an amulet of magic regeneration
 F - a ring of wizardry
 N - a ring of willpower
 P - a ring of positive energy
 T - an amulet of regeneration (around neck)
 W - the ring of the Wary Emperors (right hand) {Wiz rF+ rC+ Dex+4}
   (You bought it in a shop on level 7 of the Dungeon)

   [ring of wizardry]

   It improves your spell success rate.
   Dex:       It affects your dexterity (+4).
   rF:        It protects you from fire.
   rC:        It protects you from cold.
Wands
 b - a wand of digging (1)
 n - a wand of iceblast (6)
 D - a wand of acid (9)
 R - a wand of flame (17)
 X - a wand of charming (22)
Scrolls
 i - 8 scrolls of vulnerability
 o - 3 scrolls of silence
 q - 2 scrolls of amnesia
 r - 2 scrolls of fear
 u - 11 scrolls of poison
 y - 9 scrolls of teleportation
 z - 4 scrolls of immolation
 C - 4 scrolls of fog
 E - a scroll of acquirement {unknown}
 I - 2 scrolls of torment {unknown}
 J - 3 scrolls of butterflies {unknown}
 K - 3 scrolls of enchant weapon {unknown}
 L - a scroll of brand weapon {unknown}
 S - 5 scrolls of magic mapping {unknown}
Potions
 h - 9 potions of flight
 m - a potion of curing
 t - 7 potions of might
 A - 3 potions of brilliance
 B - 2 potions of ambrosia
 H - 6 potions of attraction
 M - a potion of berserk rage {unknown}
 O - 2 potions of magic
 Y - a potion of lignification {unknown}
 Z - 2 potions of resistance


   Skills:
 + Level 8.7 Fighting
 + Level 12.5 Polearms
 + Level 8.2 Throwing
 - Level 0.7 Armour
 + Level 4.7 Dodging
 + Level 6.4 Stealth
 + Level 2.2 Shields
 + Level 9.7 Spellcasting
 * Level 10.8 Conjurations
 - Level 8.7 Translocations
 * Level 6.8 Air Magic
 + Level 0.8 Invocations
 + Level 0.1 Evocations


You had 16 spell levels left.
You knew the following spells:

 Your Spells              Type           Power      Damage    Failure   Level
a - Blink                 Tloc           100%       N/A       1%          2
b - Shock                 Conj/Air       100%       1d9       1%          1
c - Manifold Assault      Tloc           63%        N/A       1%          4
d - Iskenderun's Battles  Conj           71%        2d12      1%          5
e - Airstrike             Air            28%        2d(4-20)  2%          4

Your spell library contained the following spells:

 Spells                   Type           Power      Damage    Failure   Level
 Lesser Beckoning         Tloc           100%       N/A       1%          2
 Static Discharge         Conj/Air       100%       2-7/arc   1%          2
 Swiftness                Air            56%        N/A       1%          3
 Teleport Other           Tloc           63%        N/A       1%          3
 Vhi's Electric Charge    Tloc/Air       100%       N/A       1%          3
 Ensorcelled Hibernation  Hex/Ice        30%        N/A       5%          2
 Summon Lightning Spire   Summ/Air       37%        N/A       9%          4
 Spider Form              Tmut/Pois      15%        N/A       11%         3
 Fireball                 Conj/Fire      25%        3d11      11%         5
 Conjure Ball Lightning   Conj/Air       32%        3x3d10    14%         6
 Anguish                  Hex/Necr       7%         N/A       32%         4
 Olgreb's Toxic Radiance  Pois           15%        N/A       32%         4
 Orb of Destruction       Conj           35%        9d10      32%         7
 Simulacrum               Ice/Necr       7%         N/A       99%         6
 Ozocubu's Refrigeration  Ice            7%         4d9       100%        7
 Discord                  Hex            7%         N/A       100%        8
 Ignition                 Fire           7%         3d5       100%        8
 Polar Vortex             Ice            7%         N/A       100%        9


Dungeon Overview and Level Annotations

Branches:
Dungeon (15/15)            Temple (1/1) D:6            Lair (4/5) D:10
  Swamp (0/4) Lair:3       Spider (0/4) Lair:2          Orc (2/2) D:11
    Elf (0/3) Orc:2        Vaults (0/5) D:14
  Slime: Lair:4-5    Depths: D:15

Altars:
Ashenzari
Cheibriados
Dithmenos
Elyvilon
Fedhas
Gozag
Hepliaklqana
Kikubaaqudgha
Makhleb
Nemelex Xobeh
Okawaru
Qazlal
Ru
Sif Muna
Trog
Uskayaw
Vehumet
Wu Jian
Xom
Yredelemnul
Zin
The Shining One

Shops:
D:4 (   D:7 =   Orc:2 *[(=

Annotations:
Orc:1 2 transporters, Ntrails's ghost, journeyman DgFE
Orc:2 1 runed translucent door, nuka's ghost, journeyman MiBe


Innate Abilities, Weirdness & Mutations

Your serpentine skin is tough. (AC +4)
You have supernaturally acute eyesight. (SInv)
Armour fits poorly on your strangely shaped body.
Your system is resistant to poisons. (rPois)
You cover ground very slowly.
You can spit poison.
You can use your snake-like lower body to constrict enemies.
You are agile. (Dex +4, Str/Int -1)


Message History

The centaur warrior is almost dead.
You constrict the centaur warrior, but do no damage.
The centaur warrior unwields a +0 shortbow.
The centaur warrior wields a +0 morningstar.
The centaur warrior hits you with a +0 morningstar!
The centaur warrior kicks you.
The centaur warrior hits you but does no damage.
The centaur warrior kicks you but does no damage.
You slash the centaur warrior! You freeze the centaur warrior.
You kill the centaur warrior!
Cheibriados thoroughly appreciates the change of pace.
The centaur warrior shoots an arrow.
The arrow barely misses you.
You impale the centaur!! You freeze the centaur.
You kill the centaur!
Cheibriados thoroughly appreciates the change of pace.
A tengu warrior comes into view.
It is wielding a +0 great sword and wearing a +1 leather armour of poison resistance.
The centaur warrior shoots an arrow.
The arrow barely misses you.
The centaur warrior shoots an arrow.
The arrow hits you!
The tengu warrior unwields a +0 great sword.
The tengu warrior wields a +0 arbalest.
The tengu warrior shoots a bolt.
The bolt misses you.
The centaur warrior shoots an arrow.
The arrow hits you but does no damage.
The tengu warrior shoots a bolt.
The bolt completely misses you.
The centaur warrior shoots an arrow.
The arrow hits you!
The tengu warrior shoots a bolt.
The bolt hits you!
* * * LOW HITPOINT WARNING * * *
There is an open door, spattered with blood here.
Items here: ! $ )))) †.
Blink to where?
Press: ? - help, Dir - move target
As you read the scroll of blinking, it crumbles to dust.
As you read the scroll of fog, it crumbles to dust.
The scroll dissolves into smoke.
The centaur warrior shoots an arrow.
The arrow hits you!!
* * * LOW HITPOINT WARNING * * *
Okay, then.
You feel better.
As you read the scroll of teleportation, it crumbles to dust.
You feel strangely unstable.
The centaur warrior shoots an arrow.
The arrow hits you!!
You die...

#.... ......# .....
....(.# ....}.# ......
......# .... .......
......#
#....####....##+##+#....#
#....#..#....+§§§c)c....#
#....'. #....#§§§§.#....#
##....####....##@####..Q.#
...............#§§§#
###....
...............'.§§# ...
...............#...# ..
...............###### .
###'#######.........#
#....#....#.........#
#....#....#.........#
#....#....#.........#


You could see a centaur warrior.

Vanquished Creatures
  Jorgrun (Orc:1)
  Gastronok (D:12)
  An orc warlord (Orc:1)
  Snorg (Lair:2)
  An ettin (Orc:1)
  Josephine (D:10)
  3 hydras
  Erolcha (Orc:2)
  2 boulder beetles
  5 centaur warriors
  2 tengu warriors
  A two-headed ogre (D:9)
  4 orc high priests (Orc:2)
  Sonja (D:11)
  A skeletal warrior (D:13)
  An orange crystal statue (D:11)
  Pikel (D:5)
  2 wolf spiders (Lair:4)
  4 orc sorcerers
  A deep elf pyromancer (D:12)
  2 orc knights
  An ugly thing (D:13)
  6 cyclopes
  2 manticores
  Joseph (D:7)
  The ghost of NimIero the Firebug, a novice OgFE of Vehumet (D:5)
  3 black mambas
  A moth of wrath (shapeshifter) (D:15)
  A torpor snail (Lair:4)
  10 cane toads
  A gargoyle (D:14)
  2 unseen horrors
  6 komodo dragons
  Psyche (D:12)
  A kobold demonologist (D:9)
  A yaktaur (shapeshifter) (D:15)
  3 rime drakes
  A tengu conjurer (D:14)
  2 polar bears
  Prince Ribbit (D:7)
  4 trolls
  12 blink frogs
  2 hornets
  9 slime creatures (D:14)
  2 culicivoras
  6 wraiths
  4 basilisks
  3 shadows
  32 yaks
  4 wyverns
  Eustachio (D:5)
  3 steam dragons
  3 vampire mosquitoes (D:13)
  Edmund (D:4)
  2 swamp worms (Lair:3)
  2 wargs
  6 water moccasins
  A floating eye (shapeshifter) (D:14)
  An acid dragon (D:9)
  3 sky beasts
  2 black bears
  14 orc warriors
  4 ice beasts
  3 ogres
  17 wolves
  7 centaurs
  A lemure (D:6)
  A phantom (D:8)
  14 kobold brigands (D:9)
  10 bullfrogs
  3 gnoll sergeants
  2 scorpions
  16 wights
  11 killer bees
  4 howler monkeys (D:10)
  8 electric eels
  3 hounds
  18 orc priests
  Crazy Yiuf (D:2)
  2 gnoll boudas
  2 sleepcaps
  5 iguanas
  21 orc wizards
  A hell rat (Lair:4)
  25 gnolls
  9 adders
  2 shadow imps
  A white imp (D:5)
  An ufetubus (D:5)
  3 worms
  6 dart slugs
  61 orcs
  4 endoplasms
  8 giant cockroaches
  11 goblins
  6 hobgoblins
  7 jackals
  2 quokkas
  6 ball pythons
  9 bats
  14 kobolds
  7 rats
  A butterfly (Lair:1)
536 creatures vanquished.

Vanquished Creatures (others)
  A gnoll (D:6)
  16 fungi
  19 plants
  3 toadstools (D:2)
39 creatures vanquished.

Grand Total: 575 creatures vanquished

Notes
Turn   | Place    | Note
-------+----------+-------------------------------------------
     0 | D:1      | prikolics the Naga Warper began the quest for the Orb.
     0 | D:1      | Reached XP level 1. HP: 19/19 MP: 3/3
   115 | D:1      | Reached skill level 1 in Stealth
   251 | D:1      | Reached XP level 2. HP: 26/26 MP: 5/5
   258 | D:1      | Learned a level 2 spell: Blink
   747 | D:2      | Reached skill level 1 in Throwing
   825 | D:2      | Reached XP level 3. HP: 30/32 MP: 6/6
  1034 | D:2      | Found a runed translucent door.
  1035 | D:2      | Noticed Crazy Yiuf
  1425 | D:2      | Reached XP level 4. HP: 39/39 MP: 7/7
  1854 | D:3      | Found an opulent altar of Gozag.
  2666 | D:4      | Noticed an ogre
  2680 | D:4      | Killed an ogre
  2681 | D:4      | Reached skill level 3 in Polearms
  2681 | D:4      | Reached XP level 5. HP: 40/45 MP: 8/8
  2787 | D:4      | Reached XP level 6. HP: 54/54 MP: 9/9
  3487 | D:4      | Found Usoitiene's Weapon Shoppe.
  3619 | D:4      | Learned a level 1 spell: Shock
  3772 | D:4      | Found a faded altar of an unknown god.
  3773 | D:4      | Found a hazy altar of Hepliaklqana.
  3773 | D:4      | Noticed Edmund
  3795 | D:4      | Killed Edmund
  3796 | D:4      | Reached XP level 7. HP: 61/61 MP: 10/10
  3829 | D:5      | Entered Level 5 of the Dungeon
  3907 | D:5      | Found a transporter.
  3911 | D:5      | Found a transporter.
  3911 | D:5      | Noticed NimIero's ghost (novice OgFE)
  3914 | D:5      | Noticed a yak
  3978 | D:5      | Reached skill level 5 in Stealth
  4017 | D:5      | Reached skill level 1 in Conjurations
  4177 | D:5      | Found a radiant altar of Vehumet.
  4180 | D:5      | Found a glowing silver altar of Zin.
  4495 | D:5      | Reached skill level 4 in Polearms
  4974 | D:5      | Reached skill level 5 in Translocations
  5010 | D:5      | Reached skill level 1 in Shields
  5455 | D:5      | Found a burning altar of Makhleb.
  5458 | D:5      | Found a sparkling altar of Nemelex Xobeh.
  5819 | D:5      | Reached XP level 8. HP: 57/64 MP: 11/11
  6005 | D:6      | Noticed Pikel
  6296 | D:7      | Noticed a yak
  6296 | D:7      | Noticed a yak
  6309 | D:7      | Noticed a yak
  6310 | D:7      | Noticed a yak
  6318 | D:7      | Killed a yak
  6415 | D:7      | Noticed a yak
  6433 | D:7      | Noticed a yak
  6462 | D:8      | Found an ornate altar of the Wu Jian Council.
  6738 | D:9      | Noticed a two-headed ogre
  6898 | D:9      | Noticed a yak
  7037 | D:7      | Noticed a wyvern
  7855 | D:6      | Noticed Eustachio
  7871 | D:6      | Reached XP level 9. HP: 29/76 MP: 13/13
  7900 | D:5      | Killed Pikel
  7901 | D:5      | Reached skill level 5 in Polearms
  8004 | D:5      | Killed Eustachio
  8336 | D:6      | Found a staircase to the Ecumenical Temple.
  8366 | Temple   | Entered the Ecumenical Temple
  9158 | D:7      | Found Ameogh's One-of-a-Kind Rings.
  9468 | D:7      | Reached XP level 10. HP: 86/87 MP: 16/16
  9473 | D:7      | Learned a level 4 spell: Manifold Assault
  9538 | D:7      | Noticed Prince Ribbit
  9563 | D:8      | Reached skill level 5 in Conjurations
  9631 | D:7      | Killed Prince Ribbit
  9632 | D:7      | Reached skill level 6 in Polearms
 10163 | D:7      | Reached skill level 5 in Spellcasting
 10241 | D:7      | Noticed Joseph
 10612 | D:8      | Found a hide-covered altar of Uskayaw.
 10897 | D:9      | Noticed a kobold demonologist
 10907 | D:9      | Reached skill level 5 in Fighting
 10927 | D:9      | Noticed a rust devil
 10929 | D:9      | Killed a kobold demonologist
 11214 | D:9      | Found a snail-covered altar of Cheibriados.
 11214 | D:9      | Found an ancient bone altar of Kikubaaqudgha.
 11219 | D:9      | Became a worshipper of Cheibriados the Contemplative
 11259 | D:9      | Reached skill level 7 in Polearms
 11281 | D:9      | Killed a two-headed ogre
 11282 | D:9      | Reached XP level 11. HP: 83/96 MP: 19/19
 12622 | D:10     | Entered Level 10 of the Dungeon
 12839 | D:10     | Noticed Josephine
 12870 | D:10     | Reached * piety under Cheibriados
 12934 | D:10     | HP: 4/97 [gnoll/+0 halberd[a gnoll sergeant] (7)]
 13072 | D:10     | Killed Josephine
 13073 | D:10     | Reached skill level 5 in Throwing
 13508 | D:10     | Reached skill level 8 in Polearms
 13604 | D:10     | Reached ** piety under Cheibriados
 13969 | D:10     | Found a staircase to the Lair.
 14615 | D:2      | Killed Crazy Yiuf
 14806 | D:7      | Killed Joseph
 14807 | D:7      | Reached XP level 12. HP: 40/105 MP: 22/22
 15043 | D:11     | Found a staircase to the Orcish Mines.
 15232 | D:11     | Identified the +1 robe "Xaarutt" {rN+++ Will+ Dex-5 Slay-5}
 15827 | D:11     | Reached *** piety under Cheibriados
 16316 | D:11     | Noticed a two-headed ogre
 16370 | D:11     | Reached skill level 9 in Polearms
 16370 | D:11     | Identified the ring of Qunyfi {rPois Will+ Dex+3 Slay+3}
 16440 | D:12     | Found a shadowy altar of Dithmenos.
 16951 | D:12     | Noticed Psyche
 16963 | D:12     | Killed Psyche
 16982 | D:12     | Noticed Gastronok
 17013 | D:12     | Killed Gastronok
 18083 | Orc:1    | Entered Level 1 of the Orcish Mines
 18083 | Orc:1    | Noticed Sonja
 18092 | D:11     | Learned a level 5 spell: Iskenderun's Battlesphere
 18119 | Lair:1   | Entered Level 1 of the Lair of Beasts
 18626 | Lair:1   | Reached skill level 10 in Polearms
 18798 | Lair:1   | Reached skill level 1 in Air Magic
 19979 | Lair:1   | Gained mutation: You can use your snake-like lower body to
                  | constrict enemies. [Naga growth]
 19979 | Lair:1   | Reached XP level 13. HP: 30/115 MP: 4/24
 20191 | Lair:1   | Reached **** piety under Cheibriados
 20579 | Lair:2   | Found a hole to the Spider Nest.
 21192 | Lair:3   | Noticed Snorg
 21212 | Lair:2   | Killed Snorg
 21552 | Lair:3   | Found a staircase to the Swamp.
 22041 | Lair:3   | Identified the +1 scale mail "Rocvycke" {Str+2}
 22088 | Lair:3   | Identified the +1 whip of Integrity {drain, Will++}
 22089 | Lair:3   | Identified the +3 hand axe of a bailey {heavy, rF+}
 22207 | Lair:4   | Reached ***** piety under Cheibriados
 22478 | Lair:4   | Reached skill level 11 in Polearms
 23336 | D:11     | Killed Sonja
 23484 | Orc:1    | Noticed Jorgrun
 23503 | Orc:1    | Killed Jorgrun
 23823 | Orc:1    | Found a transporter.
 23829 | Orc:1    | Found a transporter.
 23836 | Orc:1    | Noticed Ntrails's ghost (journeyman DgFE)
 23859 | Orc:1    | Noticed an ettin
 23871 | Orc:1    | Killed an ettin
 23872 | Orc:1    | Reached XP level 14. HP: 124/124 MP: 15/26
 24090 | Orc:1    | Found a burning altar of Makhleb.
 24217 | Orc:2    | Entered Level 2 of the Orcish Mines
 24218 | Orc:2    | Found a runed translucent door.
 24226 | Orc:2    | Noticed nuka's ghost (journeyman MiBe)
 24256 | Orc:2    | Noticed an orc warlord
 24278 | Orc:2    | Reached skill level 5 in Air Magic
 24287 | Orc:2    | Learned a level 4 spell: Airstrike
 24295 | Orc:2    | Reached skill level 10 in Conjurations
 24304 | Orc:1    | Killed an orc warlord
 24462 | Orc:2    | Reached ****** piety under Cheibriados
 24467 | Orc:2    | Gained mutation: You are agile. (Dex +4, Str/Int -1) [a
                  | neqoxec]
 24672 | Orc:2    | Found a burning altar of Makhleb.
 24748 | Orc:2    | Noticed Erolcha
 24756 | Orc:2    | Killed Erolcha
 24914 | Orc:2    | Found a staircase to the Elven Halls.
 25012 | Orc:2    | Found Dywoe's General Store.
 25012 | Orc:2    | Found Bixoxtul's Jewellery Boutique.
 25012 | Orc:2    | Found Xociuse's Weapon Boutique.
 25015 | Orc:2    | Found Leuraobb's Antique Armour Shop.
 25140 | D:7      | Bought the ring of the Wary Emperors {Wiz rF+ rC+ Dex+4}
                  | for 653 gold pieces
 25224 | D:5      | Killed NimIero's ghost
 25360 | Orc:2    | Bought a potion of curing for 39 gold pieces
 25360 | Orc:2    | Bought a potion of curing for 39 gold pieces
 25540 | D:13     | Reached skill level 12 in Polearms
 26775 | D:14     | Found a gate to the Vaults.
 27157 | D:14     | Found a sacrificial altar of Ru.
 27285 | D:15     | Entered Level 15 of the Dungeon
 27711 | D:15     | HP: 5/127 [centaur warrior/arrow (21)]
 27713 | D:15     | Shot with an arrow by a centaur warrior

Illustrated notes

Levels and vault maps discovered:
D:1:      amcnicky_arrival_gap_in_the_tavern_cellar, layout_loops_ring,
          corexii_leaking_fountain, feat_on_display
D:2:      layout_basic, minmay_gold_behind_fungi, grunt_decor_junction,
          uniq_crazy_yiuf_cottage
D:3:      layout_loops_ring, mainiacjoe_overflow_surrounded_room,
          minmay_misc_feat_nine_boxes, minmay_misc_feat_hallway
D:4:      layout_basic, beargit_hepliaklqana_dungeon_heroes, serial_shops,
          shop_statue, minmay_bent
D:5:      layout_layer_cave, nicolae_overflow_hidden_temple,
          gammafunk_ghost_arena, glass_columns_c, minmay_puff, uniq_edmund
D:6:      layout_basic, minmay_temple_entry_tees, grunt_ministairs_13,
          uniq_eustachio, uniq_pikel
D:7:      layout_gridville, grunt_decor_one_mirror, nicolae_shop_unique_rings,
          uniq_prince_ribbit1, uniq_joseph
D:8:      layout_rooms, nicolae_uskayaw_murder_on_the_dancefloor,
          nicolae_wu_jian_wuxing_cycle, amcnicky_mini_rare_corridor_liquid
D:9:      layout_basic, gammafunk_temple_overflow_statue, special_room
          [special_room_kobold]
D:10:     layout_basic, hellmonk_lair_entry_icy, uniq_josephine
D:11:     minmay_statue_hallways, layout_basic, orc_0_dummy
D:12:     layout_loops_ring, grunt_dithmenos_shadows, uniq_gastronok,
          uniq_psyche
D:13:     layout_basic, minmay_fractal_squares_gapless_7
D:14:     minmay_the_grid_triangle_9x9_recursive_2_mashed
          [minmay_the_grid_triangle_9x9_prize_center,
          minmay_the_grid_triangle_9x9_tough_junction,
          minmay_the_grid_triangle_9x9_subtriangle,
          minmay_the_grid_triangle_9x9_minimal], layout_basic, david_vaults_4,
          nicolae_ru_the_path_less_chosen
D:15:     gammafunk_enter_depths_forms, layout_gridville, corner_web_ring
Temple:   nicolae_temple_ecumenical_triangle
Lair:1:   layout_roguey, disabler_island, lemuel_fruit_fields
Lair:2:   layout_misc_corridors, hellmonk_spider_entry_life_and_decay
Lair:3:   layout_loops_ring, minmay_swamp_entry_worms, worms_lemuel, uniq_snorg
Lair:4:   layout_gridlike, st_stairs_6, nicolae_lair_run_with_the_wolves,
          serial_bayou_shore_a
Orc:1:    layout_caves, gammafunk_ghost_berserking_beasts, bloody_makhleb,
          uniq_sonja, uniq_jorgrun
Orc:2:    st_orc_mages, layout_caves, basic_altar,
          hellmonk_ghost_happy_afterlife, uniq_erolcha

Skill      XL: |  1  2  3  4  5  6  7  8  9 10 11 12 13 14 |
---------------+-------------------------------------------+-----
Stealth        | 1 2 3 4 5 6 |  6.4
Throwing       | 1 2 3 4 5 6 7 8 |  8.2
Translocations | 4 5 6 7 8 |  8.7
Polearms       | 3 4 5 7 8 10 11 12 | 12.5
Dodging        | 2 3 4 |  4.7
Conjurations   | 1 3 4 6 7 8 9 10 | 10.8
Shields        | 1 2 |  2.2
Fighting       | 3 4 5 6 7 8 |  8.7
Spellcasting   | 3 4 5 7 8 9 |  9.7
Air Magic      | 2 4 6 |  6.8
Armour         | |  0.7
Invocations    | |  0.8
Evocations     | |  0.1

Action                     |  1- 3 |  4- 6 |  7- 9 | 10-12 | 13-15 || total
---------------------------+-------+-------+-------+-------+-------++-------
  Melee: Spear             |   106 |   123 |   287 |       |    12 ||   528
         Trident           |       |       |   131 |       |       ||   131
         Halberd           |       |       |    10 |   586 |   474 ||  1070
         Constrict         |       |       |       |       |    76 ||    76
  Throw: Dart              |     6 |    12 |     6 |   158 |    83 ||   265
         Stone             |     5 |     5 |       |       |       ||    10
         Boomerang         |       |    18 |   123 |   114 |    83 ||   338
         Throwing net      |       |       |       |       |     3 ||     3
   Cast: Blink             |       |     5 |    62 |    86 |    68 ||   221
         Shock             |       |       |    10 |    24 |    46 ||    80
         Manifold Assault  |       |       |       |    47 |    19 ||    66
         Iskenderun's Batt |       |       |       |     4 |    10 ||    14
         Airstrike         |       |       |       |       |    11 ||    11
 Invoke: Bend Time         |       |       |       |     3 |     1 ||     4
Ability: Spit Poison       |    30 |    47 |   131 |   116 |    27 ||   351
  Evoke: Wand              |       |     1 |     1 |     1 |       ||     3
    Use: Scroll            |       |     1 |    12 |     8 |    10 ||    31
         Potion            |       |     3 |     4 |     7 |    10 ||    24
   Stab: Sleeping          |       |     2 |     5 |       |     4 ||    11
         Distracted        |       |       |       |     1 |     1 ||     2
 Armour: Leather armour    |    17 |    32 |   164 |       |       ||   213
         Steam dragon scal |       |       |    15 |    76 |       ||    91
         Ice dragon scales |       |       |       |   229 |   164 ||   393
         Chain mail        |       |       |       |       |    45 ||    45
  Dodge: Dodged            |    33 |    51 |   210 |   270 |   256 ||   820
  Block: Buckler           |     9 |    19 |    65 |       |       ||    93
